[Event "EICC 2025"]
[Site "Eforie-Nord"]
[Date "2025.03.15"]
[Round "1.27"]
[White "Vagman, Roy"]
[Black "Donchenko, Alexander"]
[Result "1-0"]
[Annotator "TA"]
[ECO "C84"]
[WhiteElo "2300"]
[BlackElo "2627"]
[PlyCount "87"]
[EventDate "2025.03.14"]
[EventType "swiss"]
[EventCountry "ROU"]
[SourceTitle "playchess.com"]
[Source "ChessBase"]
[SourceQuality "1"]
[TimeControl "40/5400+30:1800+30"]

1. e4 e5 2. Nf3 Nc6 3. Bb5 a6 4. Ba4 Nf6 5. O-O Be7 6. d3 b5 7. Bb3 d6 8. Bd2 {[%emt 0:00:20] C84: Closed Ruy Lopez: Unusual White 6th moves.} Bg4 9. c3 {[%emt 0:00:14] Prevents Nd4} Na5 10. Bc2 {[%emt 0:00:17] The position is equal.} c5 11. h3 Bh5 12. Re1 Qc7 13. Bc1 O-O 14. Nbd2 Rad8 15. Qe2 Rfe8 16. g4 Bg6 17. a4 b4 18. cxb4 cxb4 19. Nb3 Rc8 20. Bd1 Nc6 $146 (20... d5 21. Nh4 dxe4 22. dxe4 Nc4 23. Nxg6 hxg6 24. Nd2 Nxd2 {½-½ Dessaules,P (2394)-Rets,Y (2370) WLS/SRCCC/21/D3 2021 [1]}) 21. Nh4 Nd7 22. Nf5 Nc5 23. Be3 Ne6 24. Qd2 Qd8 25. Bf3 Bg5 26. Rac1 Bf4 27. Kg2 Bxe3 28. fxe3 Ng5 29. Be2 d5 30. h4 (30. Rf1 {looks sharper.} Ne6 31. d4 Ng5 32. Bxa6 Nxe4 33. Qd1) 30... dxe4 $2 (30... Ne6 $1 $11) 31. dxe4 $18 {[%emt 0:02:13] [#]} Nxe4 $2 (31... Nd4) 32. Qxd8 Rexd8 33. Bxa6 Bxf5 34. gxf5 (34. Bxc8 Bxc8 35. Rxc6 Be6 $18) 34... Rc7 35. Bb5 Rdc8 36. Red1 {[%emt 0:01:52] And now Bxc6 would win. Dodges Nd6} h5 37. Ba6 (37. Rc4 $142) 37... Ra8 38. Bb5 (38. Be2 Rxa4 39. Bf3 (39. Bxh5 Nf6 $14)) 38... Rac8 39. Rc4 {[%emt 0:02:39] White is clearly winning.} Na7 40. Rxe4 Rc2+ 41. Kf3 Nxb5 42. axb5 Rxb2 43. Na5 ({Less strong is} 43. Rxb4 Rc3 $16) 43... Rc5 {[%emt 0:01:28] [#]} 44. b6 $1 {[%emt 0:02:24] Weighted Error Value: White=0.20 (precise) /Black=0.44  Loses game:     	---       	Black=1      Mistake:       	White=2     	Black=1      Inaccurate:     	---       	Black=2      OK:         	White=17    	Black=15     Best:        	White=4     	Black=2} 1-0

[Event "EICC 2025"]
[Site "Eforie-Nord"]
[Date "2025.03.15"]
[Round "1.28"]
[White "Santos Latasa, Jaime"]
[Black "Valiyev, Shahin"]
[Result "1-0"]
[Annotator "TA"]
[ECO "B50"]
[WhiteElo "2627"]
[BlackElo "2299"]
[PlyCount "145"]
[EventDate "2025.03.14"]
[EventType "swiss"]
[EventCountry "ROU"]
[SourceTitle "playchess.com"]
[Source "ChessBase"]
[SourceQuality "1"]
[TimeControl "40/5400+30:1800+30"]

1. e4 c5 2. Nf3 d6 3. Nc3 a6 4. d4 cxd4 5. Qxd4 Nc6 6. Qe3 {[%emt 0:00:03] B50: Sicilian: 2...d6, Miscellaneous.} g6 7. Nd5 $146 ({Predecessor:} 7. Be2 Bh6 8. Qd3 Bg7 9. O-O Bg4 10. Bg5 h6 11. Be3 Rc8 12. Qd2 Bxc3 13. Qxc3 {½-½ Harikrishna,P (2695)-Caruana,F (2803) Tata Steel-A 87th 2025 (10)}) 7... Bg7 8. Qa3 {[%emt 0:00:25] White is slightly better.} Nf6 9. Be3 (9. Nxf6+ $11 Bxf6 10. Bh6) 9... O-O $1 $15 (9... Nxe4 $2 10. Bb6 $18) 10. Bb6 Qd7 11. Bd3 Nxd5 12. exd5 Ne5 13. Nxe5 Bxe5 14. O-O-O Qg4 15. g3 Qf3 16. Qb3 Bf5 (16... Bg4 $11) 17. Rhe1 (17. Bxf5 Qxf5 18. Qd3 Qd7 19. Kb1) 17... Rac8 18. Re3 Qh5 (18... Qxf2 $2 19. Rxe5 $18) 19. f4 Bf6 20. Rd2 Bxd3 21. Qxd3 Qf5 22. Re4 (22. Qxf5 {simplifies} gxf5 23. c3 Kg7 24. Kc2) 22... Rfe8 23. Qe2 h5 24. Kb1 Kg7 25. a3 e5 26. dxe6 d5 27. Re3 Rxe6 28. Rxe6 Qxe6 29. Bf2 Rc4 30. Qd1 Re4 ({Black should try} 30... Qh3 $11) 31. Rxd5 $14 Re2 32. Rd6 $1 Qe4 33. Rd2 $1 Rxd2 34. Qxd2 {[%emt 0:00:05][%mdl 4096] Endgame KQB-KQB. White is a pawn up.} Qh1+ 35. Be1 h4 36. Ka2 h3 37. g4 $1 g5 38. fxg5 $16 Be5 39. Bg3 Bxg3 40. Qc3+ (40. hxg3 Qe4 $11 (40... h2 41. Qd4+ Kg8 42. Qd8+ Kg7 43. Qf6+ Kg8 44. Qd8+ Kg7 45. Qd4+ Kg8 46. Qd8+ $11)) 40... Kg8 41. Qxg3 {[%emt 0:30:25] KQ-KQ. White is two pawns up.} Qg2 42. Qb8+ Kh7 43. Qf4 Kg8 44. c4 (44. Kb3 $18) 44... a5 45. Kb3 Qe2 {[%emt 0:00:00] [#]} 46. g6 $1 fxg6 47. g5 Qd1+ 48. Kc3 Qe1+ 49. Qd2 Qe5+ 50. Kb3 Qc7 51. Qe2 Kg7 52. Qd2 (52. Ka4 $16) 52... Kh7 (52... Kg8 $11) 53. Qf2 Kg8 54. c5 Qe5 55. Qf3 (55. Ka4 $16) 55... Qxh2 56. Qd5+ (56. Qxb7 Qg3+ 57. Ka4 Qf4+ 58. Kb5 (58. Kxa5 Qxg5 59. Qc8+ Kf7 $15) 58... h2 59. Qd5+ (59. Kxa5 Qxg5 60. Qb8+ Kg7 $11) 59... Kg7 60. Kxa5 Qc7+ 61. Ka6 Qc8+ 62. Kb6 Qf5 $11 (62... Qb8+ 63. Ka6 $11)) 56... Kf8 57. Qd8+ (57. Qxb7 Qg3+ 58. Kc4 Qf4+ 59. Kb5 h2 60. Kxa5 Qxg5 61. Qb8+ Ke7 62. Qxh2 Qxc5+ 63. Ka4 Qd4+ 64. Kb3 Qd5+ 65. Kc2 Qe4+ 66. Kb3 Qd5+ 67. Kc2 g5 $11) 57... Kg7 (57... Kf7 $1 $14) 58. Qf6+ $18 (58. Qxa5 Qe5 59. Qb6 Qd5+ (59... Qxg5 60. Qxb7+ Kg8 61. Qc8+ Kf7 62. Qxh3 $11) 60. Kc2 Qf5+ (60... Qxg5 61. Qxb7+ Kh6 62. Qc8 $17) 61. Kd1 Qd7+ (61... Qxg5 62. Qxb7+ Kh6 63. Qc8 $17) 62. Ke1 Qe7+ 63. Kf2 h2 $11 (63... Qxg5 64. Qxb7+ Kh6 65. Qf3 $11)) 58... Kh7 59. Qf7+ Kh8 60. Qf8+ (60. Qxb7 Qg3+ 61. Ka4 Qf4+ 62. b4 (62. Kxa5 h2 $11) 62... h2 $11) 60... Kh7 61. Qh6+ Kg8 {[%emt 0:00:00] and ...Qg3+ would now be decisive} 62. Qxg6+ Kf8 63. Qf6+ Ke8 {[%emt 0:00:00] [#]} (63... Kg8 $16) 64. g6 $1 {[%emt 0:01:45] And now g7 would win.} Qg3+ 65. Ka4 h2 (65... Qg4+ $142 66. b4 (66. Kxa5 Qc4 $18) 66... h2 67. Qf7+ (67. Kxa5 h1=Q $11) 67... Kd8) 66. Qf7+ (66. Kxa5 $2 Qc7+ (66... h1=R $2 67. Qf7+ Kd8 68. Qd5+ Kc7 69. Qxh1 $18) (66... h1=Q $2 67. Qf7+ Kd8 68. g7 $19) 67. Qb6 Qxb6+ (67... h1=Q 68. Qxc7 Qc1 69. Qc8+ Ke7 70. g7 $18) 68. Kxb6 h1=Q $19 (68... h1=R 69. Kxb7 Rh3 70. b4 $18)) (66. Qh8+ $142 Kd7 67. g7) 66... Kd8 67. g7 $1 (67. Qxb7 Qh4+ (67... Qxg6 68. Qb8+ Kd7 69. Qb7+ Kd8 70. Qb8+ Kd7 71. Qxh2 $11) 68. b4 h1=Q $11 (68... h1=R $2 69. c6 $18)) 67... h1=Q {[%emt 0:00:00] ( -> ...Qc6+)} 68. g8=Q+ (68. g8=B $2 {is a self mate.} Qc6+ 69. Kxa5 Qe1+ 70. b4 Qa6#) 68... Qxg8 69. Qxg8+ Kc7 70. Qb3 ({Much less strong is} 70. Kxa5 Qh6 71. Qg3+ Kc8) 70... Qc6+ 71. Qb5 $1 b6 $2 (71... Qh6 72. Kxa5 (72. Qxa5+ Kc8 $16) 72... Qe3 73. Qb6+ Kb8) 72. cxb6+ Kb8 73. Kxa5 {[%emt 0:00:41] Weighted Error Value: White=0.14 (very precise) /Black=0.17 (very precise)   Loses game:     	---       	Black=1      Mistake:       	White=5     	Black=8      Inaccurate:     	White=1     	Black=1      OK:         	White=18    	Black=25     Best:        	White=11    	Black=4      Strong:       	White=6     	Black=1} 1-0

[Event "EICC 2025"]
[Site "Eforie-Nord"]
[Date "2025.03.15"]
[Round "1.28"]
[White "Yilmaz, Baver"]
[Black "Kadric, Denis"]
[Result "1/2-1/2"]
[Annotator "ChessBase"]
[ECO "B06"]
[WhiteElo "2201"]
[BlackElo "2542"]
[PlyCount "86"]
[EventDate "2025.03.14"]
[EventType "swiss"]
[EventCountry "ROU"]
[SourceTitle "playchess.com"]
[Source "ChessBase"]
[SourceQuality "1"]
[TimeControl "40/5400+30:1800+30"]

1. e4 d6 2. d4 g6 3. Nc3 a6 4. h4 Nf6 5. Be3 Bg7 6. Qd2 b5 7. f3 h5 8. O-O-O c6 9. Nh3 Bxh3 10. Rxh3 Nbd7 11. Kb1 Qc7 12. Rh1 Rb8 13. g3 a5 14. Bd3 e5 15. Rhe1 O-O 16. dxe5 Nxe5 17. Be2 b4 18. Na4 d5 19. exd5 Nxd5 20. Bd4 Rfd8 21. Ka1 Nd7 22. Bxg7 Kxg7 23. f4 N7f6 24. Qc1 c5 25. Bc4 Nb6 26. Rxd8 Qxd8 27. Nxb6 Rxb6 28. f5 Qd4 29. Be2 Rd6 30. fxg6 fxg6 31. Rd1 Qe5 32. Rxd6 Qxd6 33. Qe3 Nd7 34. Kb1 Ne5 35. Kc1 Qd5 36. b3 Qd4 37. Qxd4 cxd4 38. Kd2 Kf6 39. Bd3 g5 40. Be2 Kg6 41. Ke1 Kh6 42. Kf2 Kg6 43. Ke1 Nd7 1/2-1/2

[Event "EICC 2025"]
[Site "Eforie-Nord"]
[Date "2025.03.15"]
[Round "1.29"]
[White "Can, Isik"]
[Black "Tashkinova, Sofiia"]
[Result "1-0"]
[Annotator "ChessBase"]
[ECO "C02"]
[WhiteElo "2539"]
[BlackElo "2197"]
[PlyCount "93"]
[EventDate "2025.03.14"]
[EventType "swiss"]
[EventCountry "ROU"]
[SourceTitle "playchess.com"]
[Source "ChessBase"]
[SourceQuality "1"]
[TimeControl "40/5400+30:1800+30"]

1. e4 e6 2. d4 d5 3. e5 c5 4. c3 Nc6 5. Nf3 Nge7 6. Na3 Nf5 7. Nc2 Be7 8. Bd3 c4 9. Bxf5 exf5 10. h4 Be6 11. Bg5 h6 12. Bxe7 Qxe7 13. Qd2 b5 14. h5 a5 15. a3 Kd7 16. Qf4 Qf8 17. Nh4 Ne7 18. Qd2 g5 19. hxg6 fxg6 20. f4 g5 21. Nf3 gxf4 22. Qxf4 Ng6 23. Qd2 f4 24. Nh4 Rg8 25. O-O-O Ne7 26. Rdf1 Rg4 27. g3 Rxg3 28. Ng2 f3 29. Nf4 Qf5 30. Rxh6 Bg8 31. Rf6 Qg5 32. Ne3 Rg1 33. Qf2 Rxf1+ 34. Qxf1 Bh7 35. Qh3+ Bf5 36. Nxf5 Qg1+ 37. Kc2 Qf2+ 38. Kb1 Qg1+ 39. Ka2 b4 40. Nxe7+ Ke8 41. Qh8+ Kd7 42. Rd6+ Kc7 43. Nfxd5+ Kb7 44. Rb6+ Ka7 45. Qxa8+ Kxa8 46. Nc7+ Ka7 47. Nc8# 1-0

[Event "EICC 2025"]
[Site "Eforie-Nord"]
[Date "2025.03.15"]
[Round "1.29"]
[White "Brzezina, Piotr"]
[Black "Svane, Rasmus"]
[Result "1/2-1/2"]
[Annotator "TA"]
[ECO "B33"]
[WhiteElo "2298"]
[BlackElo "2627"]
[PlyCount "67"]
[EventDate "2025.03.14"]
[EventType "swiss"]
[EventCountry "ROU"]
[SourceTitle "playchess.com"]
[Source "ChessBase"]
[SourceQuality "1"]
[TimeControl "40/5400+30:1800+30"]

1. e4 c5 2. Nf3 Nc6 3. d4 cxd4 4. Nxd4 Nf6 5. Nc3 e5 6. Ndb5 d6 7. Bg5 a6 8. Na3 b5 9. Nd5 Be7 10. Bxf6 Bxf6 11. c4 b4 $1 {[%emt 0:00:13] B33: Sicilian: Pelikan and Sveshnikov Variations.} 12. Nc2 O-O 13. h4 a5 14. Qf3 Be6 (14... Bxh4 $2 15. Qh5 $18) 15. Rd1 (15. Nxf6+ {simplifies} Qxf6 16. Qxf6 gxf6 17. Ne3) 15... Be7 (15... Bxh4 $2 {loses.} 16. Qh5 $18) 16. Be2 $146 (16. Bd3 a4 17. b3 axb3 18. axb3 Bxd5 19. cxd5 Nd4 20. Nxd4 exd4 21. g3 Ra2 22. O-O {½-½ Nepomniachtchi,I (2632)-Ni,H (2701) CHN-RUS Summit Men 6th Blitz 2009 (1)}) 16... Ra7 17. Qg3 Qb8 18. O-O a4 19. Nce3 Qd8 (19... Nd4 20. Rxd4 exd4 21. Nf5 Bxf5 22. exf5 Qd8) 20. h5 Bh4 21. Qh2 Bg5 22. g3 Bxe3 (22... Nd4 {is interesting.} 23. f4 Bh6 24. Ng4 Qc8) 23. Nxe3 Nd4 24. f4 Qb6 {[%emt 0:01:46] [#] Threatens to win with ...exf4.} 25. Kh1 $1 exf4 26. Rxf4 h6 27. Qf2 {[%emt 0:00:37] Black must now prevent Nf5.} Nxe2 28. Qxe2 Re8 29. Qd3 Qc5 30. Nd5 a3 (30... Rb7 $17 31. b3 a3) 31. b3 $11 {[%emt 0:00:11] The position is equal.} Bxd5 32. Qxd5 Rae7 33. Kg2 Qxd5 34. Rxd5 {[%emt 0:00:07] Weighted Error Value: White=0.09 (flawless) /Black=0.08 (flawless)   Mistake:       	---       	Black=1      Inaccurate:     	White=3     	Black=2      OK:         	White=6     	Black=8      Best:        	White=2     	---        Strong:       	White=1     	---} 1/2-1/2

[Event "EICC 2025"]
[Site "Eforie-Nord"]
[Date "2025.03.15"]
[Round "1.30"]
[White "Rodshtein, Maxim"]
[Black "Gombocz, Ferenc Jr."]
[Result "1-0"]
[Annotator "TA"]
[ECO "A07"]
[WhiteElo "2623"]
[BlackElo "2297"]
[PlyCount "83"]
[EventDate "2025.03.14"]
[EventType "swiss"]
[EventCountry "ROU"]
[SourceTitle "playchess.com"]
[Source "ChessBase"]
[SourceQuality "1"]
[TimeControl "40/5400+30:1800+30"]

1. Nf3 d5 2. g3 Bg4 3. Bg2 Nd7 4. h3 Bxf3 5. Bxf3 c6 6. d3 {[%emt 0:01:54] A07: Réti Opening: New York and Capablanca Systems.} e5 7. e4 dxe4 8. dxe4 {[%emt 0:00:23] The position is equal.} Bc5 9. Nd2 Qc7 $146 (9... Ngf6 10. O-O Qc7 11. a4 O-O 12. Qe2 Rfd8 13. Nb3 Be7 14. Be3 Nf8 15. c3 Ne6 {1-0 Rodshtein,M (2613)-Kunin,V (2528) AUT-chT 2425 2024 (2.4)}) 10. Qe2 Ne7 11. a4 a5 12. O-O O-O 13. Kg2 Ba7 14. Nc4 Rfb8 {[%emt 0:05:21] Black is on the road to losing.} 15. Bd2 {[%emt 0:07:35] White is more active.} Bd4 16. Rfd1 Nf8 17. Qe1 b6 18. Bg4 Neg6 19. h4 b5 (19... Ne6 $16) 20. Bxa5 $18 Qe7 {[%emt 0:00:19] [#]} 21. axb5 cxb5 22. Ne3 Nxh4+ 23. gxh4 Qxh4 {[%emt 0:00:06][%cal Od4e3] ...Bxe3! is the strong threat.} 24. f3 Qxe1 25. Rxe1 Bxb2 {[%emt 0:00:26] [#]} 26. Rab1 Bd4 27. Bb4 Ng6 (27... Ra2 $142 28. Kg3 Ng6) 28. Nf5 Ra2 29. Nxd4 exd4 30. Kg3 Rxc2 31. Red1 Rc4 32. f4 Re8 (32... d3 $142 33. Bf3 (33. Rxd3 Rxe4 34. Bd6 Rd8 $18) 33... f5 34. exf5 (34. Rxd3 fxe4 35. Bd6 Rd8 $17) 34... Nxf4) 33. Be2 {[%emt 0:01:43] This pair of bishops is nice.} Rc2 34. Bd3 (34. Bxb5 Rxe4 35. Bd2 Re7 $16) 34... Ra2 35. Rd2 (35. Bxb5 Rxe4 36. Re1 Re3+ 37. Rxe3 dxe3 $16) (35. e5 h5 36. Rd2 (36. Bxb5 h4+ 37. Kf3 Nxe5+ 38. fxe5 Rxe5 $18) 36... Rxd2 37. Bxd2 Nxe5 $18) 35... Raa8 36. Bd6 (36. Bxb5 Rxe4 37. Bc6 Re3+ 38. Kf2 Rc8 $18) ({Resist} 36. e5 f6 37. Be4 (37. Bxb5 fxe5 38. f5 Nf4 $18) 37... fxe5 $18) 36... Rad8 37. e5 ({Weaker is} 37. Bxb5 Rxe4 $11) 37... f6 38. Bxb5 fxe5 39. Bxe8 Rxd6 40. fxe5 Nxe5 41. Rb8 {[%emt 0:30:31] White wants to mate with Bh5+.} g5 42. Re2 {[%emt 0:00:19] Weighted Error Value: White=0.07 (flawless) /Black=0.60  Mistake:       	---       	Black=3      Inaccurate:     	White=1     	Black=2      OK:         	White=19    	Black=14     Best:        	White=2     	---} 1-0

[Event "EICC 2025"]
[Site "Eforie-Nord"]
[Date "2025.03.15"]
[Round "1.30"]
[White "Nikolaidis, Konstantinos"]
[Black "Horvath, Dominik"]
[Result "0-1"]
[Annotator "ChessBase"]
[ECO "B45"]
[WhiteElo "2195"]
[BlackElo "2538"]
[PlyCount "80"]
[EventDate "2025.03.14"]
[EventType "swiss"]
[EventCountry "ROU"]
[SourceTitle "playchess.com"]
[Source "ChessBase"]
[SourceQuality "1"]
[TimeControl "40/5400+30:1800+30"]

1. e4 c5 2. Nf3 e6 3. d4 cxd4 4. Nxd4 Nf6 5. Nc3 Nc6 6. Ndb5 Bc5 7. Bf4 O-O 8. Bc7 Qe7 9. Bd6 Bxd6 10. Qxd6 Qd8 11. O-O-O a6 12. Nd4 Ne7 13. Qg3 b5 14. e5 Nfd5 15. Nxd5 Nxd5 16. Nf5 exf5 17. Rxd5 Bb7 18. Rd2 Qa5 19. Qb3 f4 20. Be2 Rae8 21. Bf3 Bxf3 22. gxf3 Rxe5 23. Rxd7 Re1+ 24. Rd1 Re2 25. Rhf1 Qb6 26. Qb4 Qc6 27. Qc3 Qxc3 28. bxc3 f6 29. Rd2 Rfe8 30. Rfd1 Rxd2 31. Rxd2 Re1+ 32. Kb2 Rh1 33. Rd6 Rxh2 34. Rxa6 Rxf2 35. Rb6 Rxf3 36. Rxb5 Re3 37. a4 f3 38. Rd5 Kf7 39. Rd1 g5 40. Kb3 g4 0-1

[Event "EICC 2025"]
[Site "Eforie-Nord"]
[Date "2025.03.15"]
[Round "1.31"]
[White "Pantsulaia, Levan"]
[Black "Sitbon, Itay"]
[Result "1-0"]
[Annotator "ChessBase"]
[ECO "D02"]
[WhiteElo "2538"]
[BlackElo "2195"]
[PlyCount "65"]
[EventDate "2025.03.14"]
[EventType "swiss"]
[EventCountry "ROU"]
[SourceTitle "playchess.com"]
[Source "ChessBase"]
[SourceQuality "1"]
[TimeControl "40/5400+30:1800+30"]

1. Nf3 Nc6 2. d4 d5 3. e3 Bg4 4. Bb5 e6 5. Nbd2 Nge7 6. h3 Bxf3 7. Nxf3 a6 8. Be2 g6 9. b3 Bg7 10. Bb2 O-O 11. c4 Nb8 12. Qd2 dxc4 13. bxc4 c5 14. O-O cxd4 15. exd4 Nbc6 16. Rfd1 Qd7 17. d5 Bxb2 18. Qxb2 exd5 19. cxd5 Nxd5 20. Bc4 Nce7 21. Ne5 Qe6 22. Ng4 f6 23. Qxb7 Rad8 24. Re1 Rd7 25. Rxe6 Rxb7 26. Nxf6+ Kf7 27. Rd6 Rb2 28. Nxd5 Nxd5 29. Bxd5+ Ke7 30. Rxa6 Rfxf2 31. Rc1 Rfd2 32. Rc7+ Kd8 33. Rxh7 1-0

[Event "EICC 2025"]
[Site "Eforie-Nord"]
[Date "2025.03.15"]
[Round "1.31"]
[White "Stepanencu, Nicodim-Cosmin"]
[Black "Maurizzi, Marc`Andria"]
[Result "0-1"]
[Annotator "TA"]
[ECO "A50"]
[WhiteElo "2297"]
[BlackElo "2622"]
[PlyCount "74"]
[EventDate "2025.03.14"]
[EventType "swiss"]
[EventCountry "ROU"]
[SourceTitle "playchess.com"]
[Source "ChessBase"]
[SourceQuality "1"]
[TimeControl "40/5400+30:1800+30"]

1. d4 Nf6 2. c4 b6 3. Nf3 Bb7 4. e3 g6 5. Nc3 Bg7 6. g3 {[%emt 0:00:06] A50: Queen's Fianchetto Defence (1 d4 Nf6 2 c4 b6).} d5 $146 ({Predecessor:} 6... d6 7. Bg2 Nbd7 8. Qe2 c5 9. O-O O-O 10. b3 Qc8 11. Bb2 d5 12. cxd5 Nxd5 13. Nxd5 Bxd5 14. dxc5 Bxb2 15. Qxb2 Nxc5 {0-1 Pruun,R-Keres,P EST Youth-ch  1931 (5)}) 7. cxd5 Nxd5 8. Bg2 {[%emt 0:04:05] The position is equal.} Nxc3 9. bxc3 O-O 10. O-O c5 11. Bb2 Qc7 12. Qa4 Nd7 13. Rad1 Rfd8 14. Rfe1 Be4 15. Re2 (15. Qc4 $11 e6 16. Ng5 Bxg2 17. Kxg2) 15... Qb7 $17 16. Ne1 Bxg2 17. Nxg2 b5 18. Qb3 c4 19. Qc2 e5 20. e4 {[%emt 0:07:46] [#]} Rac8 (20... exd4 $1 $17 {aiming for ...d3.} 21. cxd4 Nb6) 21. Ne3 {[%emt 0:04:15] Black converts the advantage convincingly.} (21. d5 $1 $11 {remains equal.}) 21... exd4 22. cxd4 c3 {[%emt 0:00:05] Black plays on the queen side and is better} 23. Bc1 Nf6 {[%emt 0:02:33] Inhibits Nd5. Black is more active.} 24. e5 Nd5 25. Qb3 {[%emt 0:00:10] [#] Prevents Nb4} (25. Nxd5 $17 Qxd5 26. h4) 25... a5 $1 $19 26. a3 Bf8 27. Rd3 (27. Nc2 $17) 27... b4 28. axb4 axb4 $40 {[%emt 0:00:32][%mdl 128] White is in trouble.} 29. Nc2 $2 (29. Re1 {might work better.}) 29... Qb5 {[%emt 0:01:25] Black is clearly winning.} 30. Ne1 Qc4 31. Qb1 b3 32. Kf1 Rb8 33. Rf3 Ra8 34. Bg5 Ra2 35. Qd3 Qxd3 36. Rxd3 Rxe2 37. Kxe2 b2 {[%emt 0:00:02] Weighted Error Value: White=0.74/Black=0.20 (precise)   Mistake:       	White=5     	Black=1      Inaccurate:     	White=4     	---        OK:         	White=7     	Black=13     Best:        	---       	Black=2} 0-1

[Event "EICC 2025"]
[Site "Eforie-Nord"]
[Date "2025.03.15"]
[Round "1.32"]
[White "Bartel, Mateusz"]
[Black "Fiedorek, Michal"]
[Result "1/2-1/2"]
[Annotator "TA"]
[ECO "D35"]
[WhiteElo "2621"]
[BlackElo "2295"]
[PlyCount "83"]
[EventDate "2025.03.14"]
[EventType "swiss"]
[EventCountry "ROU"]
[SourceTitle "playchess.com"]
[Source "ChessBase"]
[SourceQuality "1"]
[TimeControl "40/5400+30:1800+30"]

1. d4 d5 2. c4 e6 3. Nf3 Nf6 4. cxd5 exd5 5. Nc3 c6 6. Qc2 g6 7. h3 {[%emt 0:01:13] D35: Queen's Gambit Declined: Exchange Variation.} Bf5 8. Qb3 Qb6 9. g4 Qxb3 10. axb3 Be4 11. Bg2 Bd6 $146 (11... Na6 $11) (11... Nbd7 12. g5 Bxf3 13. Bxf3 Ng8 14. Bf4 Ne7 15. e3 Nf5 16. Bg4 Ng7 17. h4 Ne6 {½-½ Nogerbek,K (2527)-Xiong,J (2636) Wch Blitz New York 2024 (8)}) 12. g5 $14 Bxf3 $1 13. Bxf3 Nfd7 14. e4 dxe4 15. Nxe4 Bc7 16. O-O O-O 17. Bd2 Na6 18. Bg4 (18. Rfd1 {simplifies} f5 19. gxf6 Nxf6 20. Nxf6+ Rxf6 21. Be2) 18... Nb6 19. Nf6+ {[%emt 0:05:14][%csl Of6] Strong Square White (f6)} Kg7 {[%emt 0:00:43] [#]} 20. d5 $1 {[%emt 0:02:06] White is much more active.} Nxd5 21. Nxd5 cxd5 22. Bc3+ Kg8 23. Bf3 Bb6 24. Bxd5 Rad8 25. Rad1 Nc5 26. Rfe1 Rd7 27. b4 (27. Kf1 $14 {was preferable.}) 27... Ne6 $1 $11 {[%emt 0:05:10] The position is equal.} 28. Bxe6 {[%emt 0:04:43] A strong pair of Bishops.} Rxd1 29. Rxd1 fxe6 {[%emt 0:00:05][%mdl 4096] Endgame KRB-KRB} 30. Bf6 h6 {[%emt 0:02:32] [#] Hoping for ...hxg5.} 31. h4 hxg5 32. hxg5 Rc8 33. Rd3 Rc2 34. Rf3 Rd2 35. Kf1 Bd8 36. Ke1 Rd5 37. Bxd8 Rxd8 38. Rf6 Rd4 39. b5 (39. Rxe6 Kf7 40. Rf6+ Kg7 $11) 39... Rb4 40. Rxe6 (40. Rxg6+ Kf7 41. Rf6+ Ke7) 40... Kf7 41. Rf6+ Kg7 42. b6 $1 {[%emt 0:00:08] Weighted Error Value: White=0.07 (flawless) /Black=0.06 (flawless)   Mistake:       	White=1     	Black=1      Inaccurate:     	White=2     	Black=1      OK:         	White=12    	Black=16     Best:        	White=4     	Black=3      Strong:       	White=1     	Black=2} 1/2-1/2

[Event "EICC 2025"]
[Site "Eforie-Nord"]
[Date "2025.03.15"]
[Round "1.32"]
[White "Cosman, Andreea-Marioara"]
[Black "Alonso Rosell, Alvar"]
[Result "0-1"]
[Annotator "ChessBase"]
[ECO "A21"]
[WhiteElo "2192"]
[BlackElo "2535"]
[PlyCount "61"]
[EventDate "2025.03.14"]
[EventType "swiss"]
[EventCountry "ROU"]
[SourceTitle "playchess.com"]
[Source "ChessBase"]
[SourceQuality "1"]
[TimeControl "40/5400+30:1800+30"]

1. c4 e5 2. Nc3 d6 3. Nf3 f5 4. g3 Be7 5. Bg2 Nf6 6. d4 e4 7. Ng5 c6 8. d5 Na6 9. f3 Qb6 10. a3 h6 11. Nh3 Nc5 12. b4 Ncd7 13. Nf4 Ne5 14. c5 Qc7 15. cxd6 Bxd6 16. fxe4 O-O 17. dxc6 bxc6 18. Qb3+ Kh7 19. Bd2 a5 20. b5 a4 21. Qa2 Qb6 22. Ne6 Bxe6 23. Qxe6 cxb5 24. Rf1 Nf3+ 25. Rxf3 Bxg3+ 26. Rxg3 Qxe6 27. exf5 Qxf5 28. Bxa8 Rxa8 29. Rb1 Rb8 30. Rb4 Qc5 31. Nxa4 0-1

[Event "EICC 2025"]
[Site "Eforie-Nord"]
[Date "2025.03.15"]
[Round "1.33"]
[White "Keinanen, Toivo"]
[Black "Kanyamarala, Trisha"]
[Result "1/2-1/2"]
[Annotator "ChessBase"]
[ECO "D02"]
[WhiteElo "2535"]
[BlackElo "2190"]
[PlyCount "139"]
[EventDate "2025.03.14"]
[EventType "swiss"]
[EventCountry "ROU"]
[SourceTitle "playchess.com"]
[Source "ChessBase"]
[SourceQuality "1"]
[TimeControl "40/5400+30:1800+30"]

1. Nf3 d5 2. g3 Nc6 3. d4 Bf5 4. Bg2 Nb4 5. Na3 e6 6. O-O Be7 7. c3 Nc6 8. Qa4 Qd7 9. Nb5 Rc8 10. c4 a6 11. Nc3 Nf6 12. Bg5 h6 13. Bxf6 Bxf6 14. cxd5 exd5 15. Qb3 Be4 16. e3 Bd3 17. Nxd5 Bxf1 18. Nxf6+ gxf6 19. Rxf1 Rb8 20. Rc1 O-O 21. Rc5 Ne7 22. Rh5 Kg7 23. Bh3 Qc6 24. Nh4 Qc1+ 25. Bf1 b6 26. Kg2 Qc6+ 27. d5 Qd7 28. Be2 c6 29. Qa3 Rfd8 30. dxc6 Qxc6+ 31. Bf3 Qd6 32. Qxa6 Rbc8 33. Qb7 Rc5 34. Rxc5 Qxc5 35. Qxe7 Qxe7 36. Nf5+ Kf8 37. Nxe7 Kxe7 38. a4 Rd2 39. b3 Rd3 40. b4 Rb3 41. b5 Rb1 42. Be4 Rc1 43. Bd5 Ra1 44. Bb3 Rb1 45. Bc2 Rb2 46. Bd1 Kd6 47. Bh5 Ke6 48. h4 f5 49. Bd1 Kd5 50. Bf3+ Ke5 51. Bd1 Ke4 52. Bf3+ Ke5 53. Bd1 f6 54. Kf3 Kd5 55. Be2 Rd2 56. Bf1 Ra2 57. Bd3 Ke5 58. Kg2 Rb2 59. Kf3 Rd2 60. Bb1 Rd1 61. Bc2 Rd2 62. Bb1 Ke6 63. Kg2 Rb2 64. Bd3 Rd2 65. Bb1 Ke5 66. Kf3 Rb2 67. Bd3 Ra2 68. Kg2 Ra3 69. Bc2 Ra2 70. Bd3 1/2-1/2